 Dungeon Crawl Stone Soup version 0.26.1-11-gd32895ea62 (webtiles) character file.

Game seed: 14113742343489021689

206 sankara the Chopper (level 5, -3/45 HPs)
             Began as a Minotaur Fighter on July 1, 2021.
             Was a Follower of Makhleb.
             Slain by a troll (5 damage)
             ... on level 4 of the Dungeon.
             The game lasted 00:04:16 (2602 turns).

sankara the Chopper (Minotaur Fighter)              Turns: 2602, Time: 00:04:18

Health: -3/45      AC: 11    Str: 21    XL:     5   Next: 53%
Magic:  4/4        EV:  5    Int:  5    God:    Makhleb [*.....]
Gold:   222        SH:  9    Dex: 10    Spells: 4/4 levels left

rFire    + . .     SeeInvis .   a - +0 war axe
rCold    . . .     Faith    +   c - +0 kite shield
rNeg     . . .     Spirit   .   w - +0 chain mail
rPois    .         Reflect  .   (helmet restricted)
rElec    .         Harm     .   (no cloak)
rCorr    .         Rampage  .   u - +0 pair of gloves
Will     .....                  (no boots)
Stlth    ..........             o - amulet of faith
HPRegen  0.15/turn              i - ring of protection from fire
MPRegen  0.09/turn              (no ring)

@: no status effects
A: retaliatory headbutt, horns 2
a: Renounce Religion


You were on level 4 of the Dungeon.
You worshipped Makhleb.
Makhleb was aware of your devotion.
You visited 1 branch of the dungeon, and saw 4 of its levels.

You collected 222 gold pieces.

Inventory:

Hand Weapons
 a - a +0 war axe (weapon)
 g - a +2 short sword of electrocution
Missiles
 b - 4 javelins
 k - 116 stones (quivered)
 n - 71 sling bullets
 p - 18 poisoned darts
Armour
 c - a +0 kite shield (worn)
 u - a +0 pair of gloves (worn)
 w - a +0 chain mail (worn)
Jewellery
 i - a ring of protection from fire (left hand)
 o - an amulet of faith (around neck)
 x - an uncursed amulet of regeneration {unknown}
Scrolls
 f - a scroll of teleportation {unknown}
 h - 5 scrolls of identify {unknown}
 l - 5 scrolls of remove curse
 q - 2 scrolls of random uselessness {unknown}
 r - a scroll of noise {unknown}
 s - 2 scrolls of enchant armour {unknown}
 t - a scroll of fog {unknown}
Potions
 d - a potion of might
 e - 2 potions of heal wounds {unknown}
 j - a potion of magic {unknown}
 m - a potion of invisibility {unknown}
 v - 2 potions of haste {unknown}


   Skills:
 - Level 3.6 Fighting
 * Level 5.3 Axes
 + Level 4.9 Armour
 + Level 4.9 Shields


You had 4 spell levels left.
You didn't know any spells.
Your spell library was empty.

Dungeon Overview and Level Annotations

Branches:
Dungeon (4/15)
 Temple: D:4-7

Altars:
Gozag
Makhleb
Vehumet


Innate Abilities, Weirdness & Mutations

You reflexively headbutt those who attack you in melee.
You have a pair of horns on your head.


Message History

The troll bites you. The troll claws you. x2
You slash the troll!
You headbutt the troll, but do no damage.
The troll is heavily wounded.
The troll bites you but does no damage. The troll claws you but does no damage.
The troll claws you.
You slash the troll! You headbutt the troll.
The troll is severely wounded.
The troll bites you. The troll claws you but does no damage.
The troll claws you.
You are too injured to fight recklessly!
You are too injured to fight recklessly!
You closely miss the troll.
The troll is severely wounded.
The troll bites you!
* * * LOW HITPOINT WARNING * * *
You block the troll's attack. x2; The troll bites you!
* * * LOW HITPOINT WARNING * * *
The troll claws you.
You die...

# ..#......
##.
#........ ..
#........
..#........
.#......
'..<. #T)#
#@.######
#........
#.##########
#..........#
#.....####.#
#........#.#
######.#.#†#
.......<...#
##########.#


You could see a troll.

Vanquished Creatures
  A howler monkey (D:4)
  An orc wizard (D:3)
  3 adders
  A worm (D:2)
  5 dart slugs
  5 leopard geckos
  10 orcs
  8 bats
  8 giant cockroaches
  11 hobgoblins
  7 kobolds
  A quokka (D:4)
  A ball python (D:3)
  3 frilled lizards (D:3)
  8 goblins
  11 rats
84 creatures vanquished.

Notes
Turn   | Place    | Note
-------+----------+-------------------------------------------
     0 | D:1      | sankara the Minotaur Fighter began the quest for the Orb.
     0 | D:1      | Reached XP level 1. HP: 19/19 MP: 0/0
   106 | D:1      | Reached skill level 3 in Axes
   106 | D:1      | Reached XP level 2. HP: 26/26 MP: 1/1
   367 | D:1      | Reached XP level 3. HP: 29/31 MP: 2/2
  1109 | D:2      | Found a radiant altar of Vehumet.
  1301 | D:2      | Reached skill level 4 in Axes
  1452 | D:2      | Found a burning altar of Makhleb.
  1462 | D:2      | Reached XP level 4. HP: 39/39 MP: 3/3
  1468 | D:2      | Became a worshipper of Makhleb the Destroyer
  1888 | D:3      | Found an opulent altar of Gozag.
  2034 | D:3      | Reached * piety under Makhleb
  2372 | D:3      | Reached skill level 5 in Axes
  2372 | D:3      | Reached XP level 5. HP: 31/45 MP: 4/4
  2594 | D:4      | Noticed a troll
  2602 | D:4      | HP: 2/45 [troll (9)]
  2602 | D:4      | Slain by a troll

Illustrated notes

Levels and vault maps discovered:
D:1:      lordsloth_arrival_two_stooges, layout_loops_ring
D:2:      layout_basic, old_standard_altar, vehumet_crystals,
          grunt_decor_junction, kennysheep_decorative_pillar
D:3:      layout_basic, grunt_gozag_statues, grunt_decor_cap,
          minmay_pentomino_pile
D:4:      layout_basic, dk_noncrumbling_3, nrook_mini_vaults, uniq_eustachio,
          uniq_edmund

Skill      XL: |  1  2  3  4 |
---------------+-------------+-----
Axes           | 3 4 5 |  5.3
Armour         | 4 |  4.9
Shields        | 4 |  4.9
Fighting       | |  3.6

Action                   |  1- 3 |  4- 6 || total
-------------------------+-------+-------++-------
Melee: War axe           |    96 |    94 ||   190
       Headbutt          |    14 |    18 ||    32
  Use: Scroll            |       |     1 ||     1
Armor: Scale mail        |    47 |    21 ||    68
       Chain mail        |       |    28 ||    28
Dodge: Dodged            |    18 |    24 ||    42
Block: Kite shield       |    50 |    47 ||    97
